 Dungeon Crawl Stone Soup version 0.22.1-1-ga44c0e56f4 (webtiles) character file.

24481 Kaderl the Arsonist (level 13, -12/85 HPs)
             Began as a Human Fire Elementalist on Oct 7, 2018.
             Killed by the raging water
             ... invoked by a water nymph
              (37 damage)
             ... on level 1 of the Shoals.
             The game lasted 01:46:34 (21171 turns).

Kaderl the Arsonist (Human Fire Elementalist)      Turns: 21171, Time: 01:46:36

Health: -12/85     AC:  6    Str: 12    XL:     13   Next: 43%
Magic:  19/28      EV: 15    Int: 28    God:
Gold:   297        SH:  0    Dex: 16    Spells: 17/35 levels left

rFire    . . .     SeeInvis .   x - staff of earth
rCold    . . .     Gourm    .   (no shield)
rNeg     . . .     Faith    .   D - +0 robe "Ybbec" {*Slow Str+3 Int+8}
rPois    +         Spirit   .   (no helmet)
rElec    .         Reflect  .   (no cloak)
rCorr    .         Harm     +   d - +2 pair of gloves
MR       .....                  h - +0 pair of boots
Stlth    ++........             k - amulet of harm
HPRegen  0.24/turn              f - ring of poison resistance
MPRegen  0.21/turn              t - +2 ring of dexterity

@: very slow
A: no striking features
a: no special abilities


You were on level 1 of the Shoals.
You were not hungry.

You visited 4 branches of the dungeon, and saw 16 of its levels.
You also visited: Sewer.

You collected 772 gold pieces.
You spent 475 gold pieces at shops.

Inventory:

Armour
 d - a +2 pair of gloves (worn)
 h - a +0 pair of boots (worn)
 D - the +0 robe "Ybbec" (worn) {*Slow Str+3 Int+8}
   (You found it on level 2 of the Lair of Beasts)

   It affects your strength (+3).
   It affects your intelligence (+8).
   It may slow you when you take damage.
Magical Staves
 x - an uncursed staff of earth (weapon)
Jewellery
 f - a ring of poison resistance (left hand)
 k - an amulet of harm (around neck)
 t - a +2 ring of dexterity (right hand)
Wands
 p - a wand of digging (1)
 v - a wand of disintegration (16)
Scrolls
 a - a scroll of amnesia
 j - a scroll of fear {unknown}
 m - 2 scrolls of brand weapon
 q - 7 scrolls of remove curse
 w - a scroll of teleportation
 y - a scroll of fog
 A - a scroll of enchant armour
 C - 2 scrolls of identify
Potions
 b - 8 potions of curing
 e - 2 potions of flight
 g - 3 potions of agility
 i - 2 potions of invisibility
 l - 2 potions of might
 o - a potion of berserk rage {unknown}
 r - a potion of brilliance {unknown}
 s - 4 potions of haste
 z - 2 potions of mutation {unknown}
Miscellaneous
 u - a box of beasts
Comestibles
 n - 8 rations


   Skills:
 + Level 2.6 Fighting
 + Level 2.3 Staves
 + Level 5.0 Dodging
 + Level 5.1 Stealth
 + Level 1.0 Unarmed Combat
 + Level 11.6 Spellcasting
 + Level 11.1 Conjurations
 + Level 2.4 Hexes
 + Level 11.8 Fire Magic
 + Level 0.4 Evocations


You had 17 spell levels left.
You knew the following spells:

 Your Spells              Type           Power        Failure   Level  Hunger
a - Flame Tongue          Conj/Fire      #####        1%          1    None
b - Throw Flame           Conj/Fire      ######       1%          2    None
c - Conjure Flame         Conj/Fire      ######..     1%          3    None
d - Inner Flame           Hex/Fire       ######..     1%          3    None
e - Sticky Flame          Conj/Fire      ######..     1%          4    None
f - Fireball              Conj/Fire      ######....   1%          5    ###....

Your spell library contained the following spells:

 Spells                   Type           Power        Failure   Level  Hunger
 Corona                   Hex            ####...      1%          1    None
 Slow                     Hex            ####....     1%          2    None
 Throw Frost              Conj/Ice       #####.       1%          2    None
 Stone Arrow              Conj/Erth      ######       1%          3    None
 Freeze                   Ice            ###.         3%          1    None
 Sandblast                Erth           ###...       3%          1    None
 Throw Icicle             Conj/Ice       #####...     3%          4    None
 Passwall                 Tmut/Erth      ###.....     5%          2    None
 Portal Projectile        Hex/Tloc       ###...       6%          3    None
 Ozocubu's Armour         Chrm/Ice       ###.....     11%         3    None
 Cause Fear               Hex            ####......   12%         4    None
 Leda's Liquefaction      Hex/Erth       ####......   21%         4    None
 Petrify                  Tmut/Erth      ###.....     34%         4    None
 Summon Ice Beast         Ice/Summ       ###.....     34%         4    None
 Lee's Rapid Deconstruct  Erth           ###.......   67%         5    ###....


Dungeon Overview and Level Annotations

Branches:
Dungeon (12/15)            Temple (1/1) D:7            Lair (2/6) D:11
 Shoals (1/4) Lair:2        Snake (0/4) Lair:2
    Orc: D:9-12

Altars:
Ashenzari
Cheibriados
Dithmenos
Elyvilon
Fedhas
Gozag
Hepliaklqana
Kikubaaqudgha
Makhleb
Nemelex Xobeh
Okawaru
Qazlal
Ru
Sif Muna
Trog
Uskayaw
Vehumet
Wu Jian
Xom
Yredelemnul
Zin
The Shining One

Shops:
D:5 ?!=%(   D:6 *   D:9 %


Message History

The water nymph misses you.
Casting: Sticky Flame (safe; 1% risk of failure)
Confirm with . or Enter, or press ? or * to list all spells.
Aiming: Sticky Flame (safe; 1% risk of failure)
Press: ? - help, Shift-Dir - straight line, f - harpy, p - water nymph
Aim: a harpy The sticky flame hits the harpy.
The harpy is moderately wounded.
The harpy is covered in liquid flames!
You are engulfed in a cloud of scalding steam.
The harpy burns!
A harpy comes into view.
The harpy claws you!
* * * LOW HITPOINT WARNING * * *
The harpy closely misses you.
The harpy is engulfed in a cloud of scalding steam. x2
The harpy misses you. The harpy barely misses you.
The water nymph points at you and mumbles some strange words.
The water swirls and strikes you!
You die...

... .... ....#
....# #...#
.?#..≈m###
.....§§§.#
.....≈m@.#
.#...≈H§P......
..P...H.P......
....###....#...
... ##H### .#
.. H? # P ..
..P


You could see 2 water nymphs and 4 harpies.

Vanquished Creatures
  Josephine (D:11)
  3 hydras
  3 two-headed ogres
  3 death yaks (D:11)
  A deep elf mage (D:12)
  An ugly thing (D:11)
  A merfolk siren (Lair:2)
  2 centaur zombies
  2 black mambas (Lair:1)
  A guardian serpent (Lair:2)
  A spiny frog (Lair:2)
  A rime drake (Lair:2)
  A komodo dragon (Lair:2)
  A merfolk (Lair:2)
  2 hornets (D:8)
  3 blink frogs (Lair:2)
  2 dream sheep (D:9)
  9 hippogriffs
  4 wraiths
  16 yaks
  A wyvern (D:9)
  Eustachio (D:6)
  A steam dragon (D:8)
  2 vampire mosquitoes (D:12)
  Menkaure (D:4)
  Edmund (D:4)
  3 water moccasins
  2 porcupines
  4 ice beasts
  2 black bears
  3 orc warriors
  2 sky beasts
  3 phantoms
  3 ogres
  2 eyes of draining (D:10)
  7 crocodiles
  6 centaurs
  8 bullfrogs
  6 big kobolds
  A gnoll sergeant (D:7)
  4 scorpions
  32 killer bees
  4 howler monkeys
  An electric eel (Lair:2)
  A crimson imp (D:7)
  2 bullfrog zombies (D:5)
  3 jellies
  A gnoll shaman (D:5)
  6 hounds
  4 orc priests
  A centaur skeleton (D:8)
  Terence (D:1)
  Jessica (D:3)
  6 iguanas
  4 orc wizards
  11 worker ants
  A hound zombie (D:5)
  2 hound skeletons
  Robin (D:3)
  A worker ant zombie (D:8)
  14 gnolls
  13 adders
  2 river rats (Sewer)
  5 shadow imps
  2 adder zombies (D:9)
  An adder skeleton (D:9)
  3 worms
  7 dart slugs
  6 leopard geckos
  31 orcs
  A ball python (D:3)
  11 giant cockroaches
  16 goblins
  12 hobgoblins
  4 jackals
  3 quokkas
  13 bats
  3 frilled lizards
  14 kobolds
  16 rats
381 creatures vanquished.

Vanquished Creatures (collateral kills)
  3 crimson imps
  An adder (D:11)
4 creatures vanquished.

Grand Total: 385 creatures vanquished

Notes
Turn   | Place    | Note
-------+----------+-------------------------------------------
     0 | D:1      | Kaderl the Human Fire Elementalist began the quest for the
                  | Orb.
     0 | D:1      | Reached XP level 1. HP: 13/13 MP: 3/3
   305 | D:1      | Reached XP level 2. HP: 19/19 MP: 1/5
   952 | D:1      | Reached XP level 3. HP: 22/24 MP: 3/6
  1244 | D:2      | Noticed Terence
  1318 | D:1      | Killed Terence
  1318 | D:1      | Reached XP level 4. HP: 22/30 MP: 1/8
  1903 | D:3      | Learned a level 2 spell: Throw Flame
  1918 | D:3      | Reached XP level 5. HP: 28/35 MP: 2/9
  1921 | D:3      | Noticed Robin
  1941 | D:3      | Found a glowing drain.
  1994 | Sewer    | Entered a sewer
  2325 | Sewer    | Noticed a big kobold
  2381 | Sewer    | Killed a big kobold
  2381 | Sewer    | Reached XP level 6. HP: 42/42 MP: 6/10
  2427 | Sewer    | Found a white marble altar of Elyvilon.
  2490 | D:3      | Killed Robin
  2666 | D:2      | Learned a level 3 spell: Conjure Flame
  2692 | D:2      | Found a burning altar of Makhleb.
  2694 | D:2      | Found a glowing silver altar of Zin.
  2694 | D:2      | Noticed an angel
  2695 | D:2      | Noticed a green death
  3591 | D:3      | Noticed Jessica
  3592 | D:3      | Killed Jessica
  3851 | D:4      | Noticed Menkaure
  4074 | D:4      | Reached XP level 7. HP: 47/47 MP: 5/12
  4519 | D:4      | Noticed Edmund
  4532 | D:4      | Killed Edmund
  4532 | D:4      | Reached skill level 5 in Fire Magic
  4794 | D:4      | Reached XP level 8. HP: 51/53 MP: 5/14
  4931 | D:5      | Entered Level 5 of the Dungeon
  5190 | D:5      | Found Fanwa's Jewellery Emporium.
  5261 | D:5      | Found Goggicar's Weapon Shoppe.
  5324 | D:5      | Found Gasmeodo's Magic Scroll Boutique.
  5399 | D:5      | Reached skill level 5 in Spellcasting
  5764 | D:5      | Reached skill level 1 in Unarmed Combat
  5764 | D:5      | Reached skill level 5 in Conjurations
  5877 | D:5      | Found Siotupsait's Distillery.
  6140 | D:5      | Found Suitic's Food Emporium.
  6156 | D:5      | Bought a ration for 60 gold pieces
  6156 | D:5      | Bought a ration for 60 gold pieces
  6156 | D:5      | Bought a ration for 60 gold pieces
  6262 | D:5      | Reached XP level 9. HP: 58/58 MP: 8/17
  6435 | D:5      | Learned a level 3 spell: Inner Flame
  6895 | D:4      | Killed Menkaure
  7199 | D:6      | Noticed Eustachio
  8067 | D:6      | You fall through a shaft for 2 floors!
  8624 | D:6      | Found Xunygg's General Store.
  8900 | D:6      | Killed Eustachio
  9047 | D:6      | Found a basalt altar of Yredelemnul.
  9047 | D:6      | Found a shattered altar of Ashenzari.
  9123 | D:6      | Found a burning altar of Makhleb.
  9202 | D:6      | Learned a level 4 spell: Sticky Flame
  9330 | D:7      | Reached skill level 1 in Hexes
  9330 | D:7      | Reached XP level 10. HP: 64/64 MP: 11/20
  9479 | D:7      | Found a staircase to the Ecumenical Temple.
  9486 | Temple   | Entered the Ecumenical Temple
 10284 | D:7      | Got an iridescent whip {flame}
 10285 | D:7      | Identified the +6 whip "Jecs" {flame, rN+} (You took it off
                  | a gnoll on level 7 of the Dungeon)
 10332 | D:7      | Reached skill level 1 in Fighting
 10429 | D:7      | Found a hazy altar of Hepliaklqana.
 11063 | D:8      | Found a stormy altar of Qazlal.
 12723 | D:5      | Bought a ration for 60 gold pieces
 12723 | D:5      | Bought a ration for 60 gold pieces
 12723 | D:5      | Bought a ration for 60 gold pieces
 12723 | D:5      | Bought a ration for 60 gold pieces
 13027 | D:9      | Noticed a two-headed ogre
 13044 | D:9      | Killed a two-headed ogre
 13044 | D:9      | Reached XP level 11. HP: 70/70 MP: 7/23
 13324 | D:9      | Learned a level 5 spell: Fireball
 13371 | D:9      | Found Ovebrock's Food Shoppe.
 14462 | D:9      | Noticed a three-headed hydra
 14466 | D:9      | Killed a three-headed hydra
 14466 | D:9      | Reached skill level 10 in Fire Magic
 14692 | D:9      | Noticed a two-headed ogre
 14703 | D:9      | Killed a two-headed ogre
 14828 | D:9      | Found a shimmering altar of Xom.
 14909 | D:9      | Bought a ration for 55 gold pieces
 14925 | D:10     | Entered Level 10 of the Dungeon
 16410 | D:11     | Noticed a two-headed ogre
 16416 | D:11     | Killed a two-headed ogre
 16416 | D:11     | Reached skill level 1 in Staves
 16416 | D:11     | Reached XP level 12. HP: 77/77 MP: 11/25
 16569 | D:11     | Reached skill level 10 in Spellcasting
 16569 | D:11     | Noticed Josephine
 16876 | D:11     | Noticed a death yak
 16878 | D:11     | Found a staircase to the Lair.
 16878 | D:11     | Noticed a death yak
 16878 | D:11     | Noticed a death yak
 16881 | D:11     | Noticed a four-headed hydra
 16883 | D:11     | Killed a death yak
 16889 | D:11     | Killed a death yak
 16902 | D:11     | Killed a four-headed hydra
 16936 | D:11     | Killed a death yak
 17319 | D:11     | Reached skill level 10 in Conjurations
 17984 | D:11     | Killed Josephine
 18143 | Lair:1   | Entered Level 1 of the Lair of Beasts
 18291 | D:12     | Noticed a skeletal warrior
 18575 | D:12     | Noticed an eight-headed hydra
 18576 | D:12     | Reached XP level 13. HP: 60/83 MP: 6/28
 19778 | Lair:2   | Found a staircase to the Snake Pit.
 19786 | Lair:2   | Reached skill level 5 in Stealth
 20373 | Lair:2   | Noticed a four-headed hydra
 20379 | Lair:2   | Killed a four-headed hydra
 20775 | Lair:2   | Got a crude robe
 20786 | Lair:2   | Identified the +0 robe "Ybbec" {*Slow Str+3 Int+8} (You
                  | found it on level 2 of the Lair of Beasts)
 21109 | Lair:2   | Reached skill level 5 in Dodging
 21163 | Lair:2   | Found a staircase to the Shoals.
 21168 | Shoals:1 | Entered Level 1 of the Shoals
 21171 | Shoals:1 | Killed from afar by a water nymph

Skill      XL: |  1  2  3  4  5  6  7  8  9 10 11 12 13 |
---------------+----------------------------------------+-----
Conjurations   | 2 3 4 5 6 8 9 10 11 | 11.1
Spellcasting   | 3 4 5 7 8 9 11 | 11.6
Fire Magic     | 4 5 6 7 9 10 11 | 11.8
Stealth        | 3 4 5 |  5.1
Unarmed Combat | 1 |  1.0
Hexes          | 1 2 |  2.4
Fighting       | 1 2 |  2.6
Dodging        | 3 4 5 |  5.0
Staves         | 1 2 |  2.3
Evocations     | |  0.4

Action                   |  1- 3 |  4- 6 |  7- 9 | 10-12 | 13-15 || total
-------------------------+-------+-------+-------+-------+-------++-------
Melee: Unarmed           |    55 |    23 |     3 |    15 |       ||    96
       Whip              |       |       |       |     6 |       ||     6
       Quarterstaff      |       |       |       |     2 |       ||     2
       Staff             |       |       |       |    39 |     1 ||    40
 Cast: Flame Tongue      |    57 |   139 |   185 |   268 |    37 ||   686
       Throw Flame       |       |     6 |    45 |    86 |    31 ||   168
       Conjure Flame     |       |       |    21 |    49 |    10 ||    80
       Inner Flame       |       |       |     5 |    13 |       ||    18
       Sticky Flame      |       |       |     3 |    43 |    15 ||    61
       Fireball          |       |       |       |    25 |     9 ||    34
Evoke: Wand              |       |       |     1 |       |     2 ||     3
       Box of beasts     |       |       |       |     2 |     1 ||     3
  Use: Scroll            |     2 |    10 |     4 |    10 |     2 ||    28
       Potion            |       |     1 |       |     2 |     5 ||     8
 Stab: Sleeping          |       |     1 |       |       |       ||     1
  Eat: Ration            |     1 |     3 |     5 |    10 |     3 ||    22
       Chunk             |       |       |       |     1 |       ||     1
Armor: Robe              |    18 |    33 |    17 |    50 |     6 ||   124
Dodge: Dodged            |    47 |    64 |    41 |   117 |    29 ||   298
